Map: Rainfall LE

Players

Zesty - Winner!

  • Race: Zerg Zerg
  • League: Grandmaster

ByuN

  • Race: Terran Terran
  • League: Master

VOD

Have the link to the VOD?

Description

Time

  • Played on: Sept. 21, 2026, 12:38 p.m.
  • Length: 7:52
Show
View Real Time Build Order
Export as new Build Order

Zesty Zerg - Winner!

Build Orders: Hatch First 

Get SALT Encoding   

  8  0:00  Drone  
  9  0:10  Drone  
  10  0:16  Drone  
  11  0:27  Overlord  
  11  0:33  Drone  
  12  0:45  Drone x2  
  14  0:51  Drone  
  15  1:10  Hatchery  
  14  1:13  Drone  
  14  1:17  Drone  
  16  1:21  Drone  
  17  1:30  Drone  
  18  1:35  Extractor  
  17  1:40  Spawning Pool  
  17  1:43  Drone  
  17  1:50  Drone  
  18  1:59  Drone  
  19  2:09  Overlord  
  19  2:27  Queen x2  
  19  2:28  Zergling x4  
  19  2:29  Zergling x2  
  26  2:34  Drone  
  27  2:39  Drone  
  27  2:44  Drone, Metabolic Boost  
  29  2:53  Extractor  
  29  2:56  Drone x2  
  30  3:03  Drone  
  32  3:06  Overlord  
  32  3:15  Overlord  
  32  3:21  Hatchery  
  31  3:31  Overlord x2  
  31  3:36  Drone x4  
  35  3:44  Drone x3  
  38  3:50  Queen  
  40  3:56  Drone x2  
  42  4:06  Queen  
  44  4:12  Drone x6  
  50  4:19  Extractor  
  48  4:28  Drone x2  
  48  4:29  Drone  
  51  4:32  Evolution Chamber  
  51  4:35  Zergling x4  
  52  4:41  Zergling x6  
  52  4:44  Queen  
  57  4:46  Queen  
  57  4:50  Drone  
  60  5:00  Zerg Ground Armor Level 1  
  60  5:02  Overlord x2  
  60  5:05  Spore Crawler, Drone  
  60  5:07  Overlord x2  
  60  5:10  Spore Crawler x2  
  58  5:17  Drone x2  
  58  5:20  Drone x7  
  67  5:26  Drone x4  
  71  5:32  Lair  
  71  5:34  Extractor  
  71  5:35  Drone x2  
  72  5:40  Queen  
  74  5:46  Drone x4  
  74  5:49  Drone x2  
  80  5:56  Zergling x12  
  85  6:16  Baneling Nest  
  85  6:17  Drone x3  
  87  6:18  Hatchery, Evolution Chamber  
  87  6:19  Drone x2  
  87  6:20  Drone  
  87  6:21  Extractor  
  87  6:24  Drone  
  87  6:25  Extractor, Drone x3  
  88  6:33  Queen  
  80  6:45  Drone x5  
  80  6:46  Drone x5  
  86  6:53  Overseer  
  83  6:57  Drone x5  
  88  7:09  Baneling x10  
  88  7:14  Hatchery  
  88  7:15  Drone x5  
  92  7:16  Overlord x2  
  90  7:32  Zergling x12  
Show
View Real Time Build Order
Export as new Build Order

ByuN Terran 

Build Orders: Reaper Expand, Hellion Banshee 

Get SALT Encoding   

  8  0:00  SCV  
  9  0:12  SCV  
  10  0:24  SCV  
  10  0:27  Supply Depot  
  11  0:36  SCV  
  12  0:48  SCV  
  13  0:53  Barracks  
  13  1:01  SCV  
  14  1:04  Refinery  
  14  1:13  SCV  
  15  1:25  SCV  
  16  1:39  Orbital Command  
  16  1:46  Reaper  
  17  1:57  Command Center  
  17  2:05  SCV  
  18  2:11  Supply Depot  
  18  2:17  SCV  
  18  2:20  Marine  
  20  2:29  SCV  
  21  2:35  Factory  
  21  2:38  Marine  
  21  2:43  SCV  
  23  2:55  SCV  
  24  2:59  Barracks Reactor  
  24  3:05  Command Center  
  24  3:08  SCV  
  25  3:20  SCV  
  25  3:22  Orbital Command  
  26  3:30  Starport  
  26  3:32  SCV  
  26  3:34  Refinery  
  27  3:43  Hellion x2  
  32  3:49  SCV  
  32  3:50  SCV  
  32  3:51  Barracks Tech Lab  
  33  4:01  SCV  
  33  4:02  SCV  
  37  4:13  Hellion x2  
  37  4:15  Banshee  
  42  4:18  SCV x2  
  42  4:21  Cloaking Field  
  44  4:25  Orbital Command  
  44  4:29  Barracks Tech Lab  
  44  4:31  SCV x2  
  48  4:40  Hellion x2  
  50  4:47  SCV x2, Supply Depot  
  50  4:49  Marine  
  53  5:02  Stimpack  
  53  5:04  SCV x2  
  55  5:08  Marine, Banshee, SCV  
  55  5:10  Supply Depot  
  55  5:11  Factory Reactor  
  60  5:18  Barracks  
  60  5:19  SCV x2  
  60  5:21  Barracks  
  63  5:29  Refinery x2  
  63  5:31  Marine  
  66  5:38  Supply Depot, SCV x3  
  66  5:45  Engineering Bay  
  66  5:47  Engineering Bay  
  66  5:49  Marine  
  67  5:50  SCV x2  
  67  5:53  SCV  
  70  5:59  Siege Tank  
  70  6:00  Starport Reactor  
  70  6:02  SCV x2  
  75  6:05  Orbital Command  
  75  6:07  Marine x3  
  78  6:11  Supply Depot  
  78  6:14  SCV  
  79  6:20  Barracks  
  79  6:21  Barracks  
  79  6:24  SCV  
  80  6:26  SCV  
  80  6:28  Marine x3  
  80  6:29  Marine x2  
  86  6:33  Siege Tank  
  86  6:38  SCV  
  90  6:41  SCV  
  90  6:42  SCV  
  79  6:48  Marine x3  
  79  6:49  Marine  
  79  6:50  SCV  
  84  6:55  SCV x2  
  84  6:59  Supply Depot  
  84  7:00  Supply Depot  
  86  7:02  Medivac x2, SCV  
  86  7:06  Siege Tank  
  86  7:08  SCV  
  95  7:12  Barracks Reactor x2  
  95  7:17  Marine x5, Supply Depot  
  95  7:20  SCV x3  
  103  7:23  Factory  
  103  7:32  SCV x3  
  110  7:42  Refinery  
  115  7:47  Supply Depot  
Tags
 
Add a new tag
Caveats
  • Supply blocks, unpowered buildings, or Contaminate may cause inaccurate times.
  • Supply counts are checked every 10 seconds.